Cogmind - Beta 15 @@@ ROGUE MODE // 2025.05.08 @ 19:36:53 Player: MolePlayingNice Result: Destroyed by S-27 Virus with Autogun Performance ------------- Evolutions (6) 3000 Regions Visited (17) 3400 Robots Destroyed (140) 700 Value Destroyed (6397) 6397 Prototype IDs (63) 1260 Alien Tech Used (0) 0 Bonus (5432) 5432 TOTAL SCORE: 20189 Bonus ------- High Alert Combat Kills 643 Follower Combat Kills 3666 Registered with UFD 300 Met Optimus in HQ 500 Met Data Miner 300 Met Warlord at Base 500 MAIN.C Attacked Warlord 500 Warlord Defense Kills 264 Friendly Fire -1241 Cogmind --------- Core Integrity 0/1150 Matter 299/300 Energy 365/365 System Corruption 7% Temperature Cool (0) Movement Walking (105) Location -4/Armory Parts ------- > --- POWER (2) -------- Neutrino Core Micro Fission Core > --- PROPULSION (6) --- Flexi-carbon Leg Experimental Flexi-carbon Leg Cooled Impulse Thruster > --- UTILITY (9) ------ Experimental Heat Sink Machine Analyzer Experimental Signal Interpreter Experimental Targeting Computer Amulet of Y3-NDR > --- WEAPON (2) ------- Enhanced Nova Cannon Compact Tesla Bomb Launcher > --- INVENTORY (5) ---- Flexi-carbon Leg Advanced Transmission Jammer Centrium Light Armor Plating Graphene Brace Botcube Peak State ------------ > --- POWER ------------ Micro Fission Core Light Antimatter Reactor > --- PROPULSION ------- Nuclear Pulse Array Field Propulsion Array Cooled Impulse Thruster Cooled Impulse Thruster > --- UTILITY ---------- Small Storage Unit Experimental Signal Interpreter Advanced Terrain Scanner Advanced Terrain Scan Processor Centrium Light Armor Plating Advanced Hacking Suite Advanced Hacking Suite System Mapper Advanced System Shield > --- WEAPON ----------- Lance Vortex Lance > --- INVENTORY -------- Improved Cesium-ion Thruster Deep Structural Scanner 0b10 Decoder Chip [Scout] 0b10 Decoder Chip [Scout] Amulet of Y3-NDR Micro-nuke Launcher Molecular Scythe Botcube [Rating: 131] Favorites ----------- Power Light Ion Engine Engine Light Ion Engine Power Core Fission Core Reactor Light Antimatter Reactor Propulsion Improved Medium Treads Treads Improved Medium Treads Leg Flexi-carbon Leg Wheel Armored Huge Wheel Flight Unit Cooled Impulse Thruster Utility Powered Armor Device Amulet of Y3-NDR Storage Huge Storage Unit Processor Improved Signal Interpreter Hackware Advanced Hacking Suite Protection Powered Armor Weapon Gauss Cannon Energy Gun Heavy Tesla Rifle Energy Cannon Subdweller Beam Cannon Ballistic Gun Assault Rifle Ballistic Cannon Gauss Cannon Launcher Compact Tesla Bomb Launcher Special Weapon Mining Laser Impact Weapon Gravity Flail Slashing Weapon Scythe Piercing Weapon Lance Build | -11 -10 -10 -9 -6 -6 -6 -6 -5 -5 -5 -5 -5 -4 -4 -4 -4 -4 ------- Run | Yrd Mat Sub Scr Fac Low Low Dat Pro Fac Upp Upp War Pro Fac Was Fac Arm Slots Evolved 12 | . . . . 8 . . . . 2 . . . . 2 . . . Power 1 | . . . . . . . . . . . . . . 1 . . . Propulsion 4 | . . . . 2 . . . . 1 . . . . 1 . . . Utility 7 | . . . . 6 . . . . 1 . . . . . . . . Weapon . | . . . . . . . . . . . . . . . . . . Parts Attached 179 | 1 1 9 12 18 4 2 . 1 28 2 1 12 6 24 . 37 21 Power 23 | . . . 1 1 . . . . 3 . . 1 1 5 . 8 3 Engine 4 | . . . 1 . . . . . . . . . . 1 . 2 . Core 9 | . . . . 1 . . . . 3 . . . 1 1 . . 3 Reactor 10 | . . . . . . . . . . . . 1 . 3 . 6 . Propulsion 37 | . . 3 2 4 . . . . 5 . . 4 3 6 . 3 7 Treads 14 | . . 3 . 3 . . . . 5 . . 1 2 . . . . Leg 8 | . . . . . . . . . . . . . 1 . . . 7 Wheel 6 | . . . 2 1 . . . . . . . 2 . 1 . . . Hover . | . . . . . . . . . . . . . . . . . . Flight 9 | . . . . . . . . . . . . 1 . 5 . 3 . Utility 76 | . 1 1 4 10 1 1 . 1 14 . 1 4 2 10 . 21 5 Device 32 | . . 1 1 4 1 1 . . 5 . . 2 . 4 . 10 3 Storage 6 | . 1 . 2 . . . . . . . . . . 1 . 2 . Processor 15 | . . . . 3 . . . 1 2 . 1 1 . 2 . 3 2 Hackware 15 | . . . . . . . . . 6 . . 1 . 3 . 5 . Protection 8 | . . . 1 3 . . . . 1 . . . 2 . . 1 . Artifact . | . . . . . . . . . . . . . . . . . . Weapon 43 | 1 . 5 5 3 3 1 . . 6 2 . 3 . 3 . 5 6 Energy Gun 2 | . . . . . . . . . . . . . . . . . 2 Energy Cannon 8 | . . 1 . 3 . . . . . . . 1 . 1 . 1 1 Ballistic Gun 2 | 1 . 1 . . . . . . . . . . . . . . . Ballistic Cannon 15 | . . 1 4 . 3 . . . 5 2 . . . . . . . Launcher 5 | . . 1 . . . . . . . . . 1 . . . 1 2 Special Weapon 3 | . . 1 1 . . . . . 1 . . . . . . . . Impact Weapon 1 | . . . . . . . . . . . . . . . . . 1 Slashing Weapon 3 | . . . . . . 1 . . . . . . . . . 2 . Piercing Weapon 4 | . . . . . . . . . . . . 1 . 2 . 1 . Special Melee Weapon . | . . . . . . . . . . . . . . . . . . Unidentified Prototypes 22 | . . 1 . 1 . 1 . . . . . 6 1 2 . 2 8 Parts Lost 39 | . . . . . . . . . 2 1 . 2 6 6 . 19 3 Power 8 | . . . . . . . . . . . . 1 1 1 . 5 . Propulsion 15 | . . . . . . . . . 1 . . 1 2 3 . 6 2 Utility 12 | . . . . . . . . . 1 1 . . 1 1 . 7 1 Weapon 4 | . . . . . . . . . . . . . 2 1 . 1 . Highest Loss Streak 11 | . . . . . . . . . 1 1 . 2 6 2 . 11 3 To Critical Strikes . | . . . . . . . . . . . . . . . . . . Average Backups 17 | 6 8 9 14 23 23 24 24 24 23 24 24 23 20 12 7 7 3 Power . | 1 1 1 . 1 1 1 1 1 1 1 1 . . . . . . Propulsion 2 | 4 4 1 1 2 3 3 3 3 2 4 4 3 3 1 1 . . Utility 6 | . 1 1 4 7 9 10 10 10 10 11 11 10 9 6 5 4 3 Weapon 5 | 1 1 5 5 8 7 7 7 7 6 6 6 7 6 3 1 1 . Tool/Special . | . . . . . . . . . . . . . . . . . . Unused Backups 62 | . 4 4 9 9 3 1 . . 12 . . 8 . 7 . 5 . Power 3 | . 1 . 1 . . . . . 1 . . . . . . . . Propulsion 5 | . 2 2 . 1 . . . . . . . . . . . . . Utility 30 | . . 1 5 2 1 1 . . 4 . . 7 . 5 . 4 . Weapon 20 | . 1 1 3 5 2 . . . 6 . . 1 . . . 1 . Tool/Special 4 | . . . . 1 . . . . 1 . . . . 2 . . . Average Slot Usage (%) 92 | . 90 98 97 91 92 93 93 93 93 90 89 92 89 85 88 83 81 Engine 5 | . 14 14 14 . . . . . . . . . . . . . . Core 2 | . . . . 5 6 6 6 6 5 5 5 4 3 2 5 . 8 Treads 14 | . . 25 15 11 13 13 13 13 16 17 17 12 5 3 . . . Leg 1 | . 28 2 . . . . . . . . . . 2 1 . . 17 Wheel 5 | . . . 12 9 6 6 6 6 4 5 5 8 5 2 . . . Flight 2 | . . . . . . . . . . . . . 5 15 21 23 5 Device 12 | . . 12 9 24 20 19 20 20 11 11 11 10 5 5 5 8 15 Storage 8 | . 18 14 13 6 6 6 6 6 5 5 5 5 5 4 5 3 . Processor 7 | . . . . 7 13 13 13 13 11 11 12 14 7 6 10 10 17 Hackware 6 | . . . . . . . . . 14 19 17 19 23 22 21 19 6 Protection 5 | . . . 3 9 13 13 13 13 6 . . . 7 5 5 2 . Energy Cannon 2 | . . 9 . 12 1 . . . . . . . 4 1 . . 3 Ballistic Cannon 10 | . . 13 19 . 11 7 13 13 10 10 11 10 5 1 . . . Special Weapon 1 | . . . 7 . . . . . . . . . . . . . . Peak Build Rating 131 | 6 7 14 20 65 62 66 66 68 94 93 93 101 98 129 130 131 125 Average Rating 58 | 6 6 12 13 55 61 65 66 66 82 89 89 94 91 109 129 114 104 On Entrance 63 | 6 6 7 12 19 62 62 66 66 68 91 88 93 96 98 121 130 50 Naked Turns . | . . . . . . . . . . . . . . . . . . Heaviest Build 138 | 11 21 25 95 138 131 134 130 130 130 114 114 118 122 122 33 43 49 Greatest Support 118 | 20 20 40 40 40 53 28 28 28 90 28 28 56 56 48 48 51 118 Greatest Overweight (x) 8 | . 1 1 7 5 4 4 4 4 4 4 4 4 7 8 . 3 1 Average Overweight (x) 1 | . . . 1 3 3 4 4 4 3 4 4 3 6 . . . . Largest Inventory Capacity 25 | 8 10 10 25 25 25 25 25 25 25 25 25 25 25 25 8 10 5 Average Capacity 18 | 8 9 10 16 25 25 25 25 25 25 25 25 25 25 14 8 8 5 Most Carried 25 | 6 10 10 25 25 25 25 25 25 25 25 25 25 25 25 8 10 5 Average Carried 17 | 6 8 9 15 24 24 25 25 24 24 25 25 24 22 13 7 8 4 Final Capacity 25 | 8 10 10 25 25 25 25 25 25 25 25 25 25 25 8 8 5 5 Final Carried 25 | 6 10 9 25 25 25 25 25 25 25 25 25 25 23 8 8 5 5 Class Distribution -------------------- 52% | Mutant 14% | Hacker-Mutant 9% | Hacker-Skirmisher 8% | Derelict-Mutant 4% | Wizard-Sprinter Dominant Class ---------------- Mutant | -10/Materials Mutant | -10/Subcaves Mutant | -9/Scraptown Derelict-Mutant | -6/Factory Mutant | -6/Lower Caves Mutant | -6/Lower Caves Mutant | -6/Data Miner Mutant | -5/Proximity Caves Hacker-Skirmisher | -5/Factory Hacker-Mutant | -5/Upper Caves Hacker-Mutant | -5/Upper Caves Hacker-Skirmisher | -5/Warlord Hacker-Mutant | -4/Proximity Caves Wizard-Sprinter | -4/Factory Wizard-Sprinter | -4/Waste Wizard-Ninja | -4/Factory Skirmisher | -4/Armory Resources | -11 -10 -10 -9 -6 -6 -6 -6 -5 -5 -5 -5 -5 -4 -4 -4 -4 -4 ----------- Run | Yrd Mat Sub Scr Fac Low Low Dat Pro Fac Upp Upp War Pro Fac Was Fac Arm Matter Collected 6365 | 212 20 267 254 429 110 114 . 46 2037 184 212 496 487 474 . 544 479 Remotely . | . . . . . . . . . . . . . . . . . . Salvage Created 5722 | 22 . 219 . 744 45 124 . . 1008 123 31 103 32 1621 . 916 734 Parts 264 | 2 . 12 . 26 4 11 . . 51 17 4 7 2 61 . 41 26 Haulers Intercepted 4 | . . . . . . . . . . . . . . 3 . 1 . Recyclers Shooed 3 | . . . . 2 . . . . . . . . . . . 1 . Parts Field Recycled . | . . . . . . . . . . . . . . . . . . Retrieved Matter . | . . . . . . . . . . . . . . . . . . Parts Self-Destructed 52 | . . 19 . . 1 2 . 2 . 15 9 . 4 . . . . Prevented 21 | . . . . . . 4 . 8 . 3 3 . 3 . . . . Kills | -11 -10 -10 -9 -6 -6 -6 -6 -5 -5 -5 -5 -5 -4 -4 -4 -4 -4 ------- Run | Yrd Mat Sub Scr Fac Low Low Dat Pro Fac Upp Upp War Pro Fac Was Fac Arm Combat Hostiles Destroyed 108 | . . 6 . 12 4 . . . 25 14 3 3 2 22 . 8 9 Melee 13 | . . . . . . . . . . . . 1 . 9 . 3 . Guns 1 | . . 1 . . . . . . . . . . . . . . . Cannons 65 | . . 3 . 11 1 . . . 25 1 1 2 2 13 . . 6 AOE 27 | . . 2 . . 3 . . . . 13 2 . . . . 5 2 Classes Destroyed 23 | 1 . 4 . 5 1 . . . 4 . . 2 1 2 . 1 2 Worker 4 | . . . . . . . . . . . . . . . . 4 . Builder 1 | . . . . . . . . . 1 . . . . . . . . Tunneler 1 | 1 . . . . . . . . . . . . . . . . . Hauler 4 | . . . . . . . . . . . . . . 3 . 1 . Recycler 8 | . . . . 1 . . . . 1 . . . . 3 . 3 . Minesweeper 1 | . . . . . . . . . . . . . 1 . . . . Operator 3 | . . . . 1 . . . . 1 . . . . . . 1 . Drone 2 | . . . . . . . . . . . . . . . . . 2 Watcher 6 | . . . . . . . . . 2 . . . . 1 . 2 1 Swarmer 35 | . . 6 . . 3 . . . 1 14 3 . . 1 . 5 2 Saboteur 1 | . . . . . . . . . . . . 1 . . . . . Grunt 30 | . . . . 8 . . . . 7 . . . 2 8 . 2 3 Brawler 2 | . . . . . . . . . 2 . . . . . . . . Duelist 2 | . . . . . . . . . . . . . . 2 . . . Protector 1 | . . . . . . . . . . . . 1 . . . . . Sentry 3 | . . . . . . . . . 3 . . . . . . . . Specialist 2 | . . . . . . . . . . . . . . . . . 2 Hunter 10 | . . . . 2 . . . . 5 . . . . 2 . . 1 Programmer 22 | . . . . 2 . . . . 7 . . 1 . 9 . 1 2 Artisan 2 | . . 2 . . . . . . . . . . . . . . . Cobbler 2 | . . 2 . . . . . . . . . . . . . . . Subdweller 1 | . . 1 . . . . . . . . . . . . . . . Thief 1 | . . . . . 1 . . . . . . . . . . . . Wizard 2 | . . . . . . 2 . . . . . . . . . . . Best Kill Streak 10 | 1 . 4 . 3 3 . . . 3 10 2 1 2 6 . 6 3 Combat Bots Only 10 | . . 4 . 3 3 . . . 3 10 2 1 2 6 . 5 3 Max Kills in Single Turn 4 | 1 . 1 . 1 2 1 . . 1 4 2 1 1 1 . 3 2 Gunslinging . | . . . . . . . . . . . . . . . . . . Exploded 4 | . . 1 . . 2 . . . . 4 2 . . . . 3 1 Melee 1 | . . . . . . . . . . . . 1 . 1 . 1 . Uniques/NPCs Destroyed . | . . . . . . . . . . . . . . . . . . Combat | -11 -10 -10 -9 -6 -6 -6 -6 -5 -5 -5 -5 -5 -4 -4 -4 -4 -4 -------- Run | Yrd Mat Sub Scr Fac Low Low Dat Pro Fac Upp Upp War Pro Fac Was Fac Arm Hostile Shots Fired 814 | . . 18 . 81 9 . . 2 168 32 4 16 36 131 . 214 103 Missed 291 | . . 3 . 28 4 . . . 54 10 . 4 7 48 . 89 44 Hits 523 | . . 15 . 53 5 . . 2 114 22 4 12 29 83 . 125 59 Melee 11 | . . . . . 1 . . . . . . 2 . 3 . . 5 Projectile 512 | . . 15 . 53 4 . . 2 114 22 4 10 29 80 . 125 54 AOE 14 | . . . . . . . . . 2 . . 10 . . . 2 . Critical Strikes 18 | . . . . . . . . . 7 . . . . 6 . 4 1 Part Disruptions 1 | . . . . . . . . . . . . . . . . 1 . Damage Taken 10578 | . . 112 . 623 93 . . 70 2294 338 59 606 609 1764 . 2760 1250 Core 1558 | . . 6 . 31 . . . . 202 50 . 73 44 277 . 733 142 Absorbed by Shields 280 | . . . . . . . . . 196 84 . . . . . . . Regen/Repaired (Parts) 1039 | . . . . . . . . . 197 . . 234 . 562 . 46 . Core Remaining (%) 89 | 100 . . 97 . . . . 96 . . . . 63 . . . . Volleys Fired 412 | 3 . 73 2 49 7 6 . 3 125 11 3 12 26 40 . 3 49 Largest 2 | 2 . 2 1 2 2 2 . 2 2 2 2 2 2 2 . 1 2 Hottest 180 | 40 . 100 . 180 180 80 . 80 94 94 94 94 97 100 . 105 169 Shots Fired 616 | 6 . 78 2 90 9 9 . 6 226 15 4 22 38 56 . 3 52 Gun 20 | 6 . 9 . 4 . . . . . . . . . . . . 1 Cannon 545 | . . 46 . 86 7 9 . 6 225 9 2 20 38 56 . 1 40 Launcher 33 | . . 8 . . 2 . . . . 6 2 2 . . . 2 11 Special 18 | . . 15 2 . . . . . 1 . . . . . . . . Kinetic 370 | 6 . 26 . 7 2 9 . 6 225 15 4 20 36 14 . . . Thermal 183 | . . 52 . 83 7 . . . . . . . . . . 1 40 Explosive 2 | . . . . . . . . . . . . . . . . 2 . Electromagnetic 14 | . . . . . . . . . . . . 2 . . . . 12 Entropic 44 | . . . . . . . . . . . . . 2 42 . . . Robot Hit Streak 18 | 3 . 10 12 18 3 . . 3 8 6 5 4 9 12 . . 7 Robot Miss Streak 4 | 2 . 2 . 3 2 . . 1 4 1 . 2 2 3 . . 3 Penetration Max 1 | . . . . . . . . . 1 . . . . . . . . Secondary Targets . | . . . . . . . . . . . . . . . . . . Shots Hit Robots 378 | 3 . 24 2 56 4 5 . 5 108 6 2 10 21 75 . 44 13 Core Hits 200 | 1 . 11 . 21 4 2 . 1 48 22 4 5 6 34 . 19 22 Critical Kills 1 | . . . . . . . . . . . . . . . . . 1 Critical Parts Destroyed 1 | . . . . . . . . . 1 . . . . . . . . Critical Strikes 40 | . . . . . . . . . 14 . . 1 . 17 . 7 1 Meltdown 1 | . . . . . . . . . . . . . . . . . 1 Destroy 1 | . . . . . . . . . 1 . . . . . . . . Blast 15 | . . . . . . . . . 13 . . 1 . 1 . . . Sever 4 | . . . . . . . . . . . . . . . . 4 . Impale 6 | . . . . . . . . . . . . . . 3 . 3 . Sunder 13 | . . . . . . . . . . . . . . 13 . . . Melee Attacks 209 | . . . . . . 5 . . . . . . . 82 . 121 1 Impact 1 | . . . . . . . . . . . . . . . . . 1 Slashing 74 | . . . . . . 5 . . . . . . . . . 69 . Piercing 108 | . . . . . . . . . . . . . . 56 . 52 . Entropic 26 | . . . . . . . . . . . . . . 26 . . . Sneak Attacks 24 | . . . . . . 5 . . . . . . . 7 . 12 . Combat Hostiles 1 | . . . . . . . . . . . . . . 1 . . . Follow-up Attacks 11 | . . . . . . . . . . . . . . 7 . 4 . Damage Inflicted 19672 | 34 . 693 . 1782 359 308 . 200 4229 1096 327 440 769 4988 . 2849 1598 Guns 184 | 34 . 88 . 62 . . . . . . . . . . . . . Cannons 11032 | . . 511 . 1713 139 . . 200 4001 178 63 388 769 2270 . . 800 Explosions 3035 | . . 94 . . 220 . . . 216 918 264 52 . . . 473 798 Melee 5402 | . . . . . . 308 . . . . . . . 2718 . 2376 . Ramming 19 | . . . . 7 . . . . 12 . . . . . . . . Kinetic 7456 | 34 . 281 . 116 220 . . 200 4001 1096 327 388 624 169 . . . Thermal 3226 | . . 412 . 1659 139 . . . 216 . . . . . . . 800 Explosive 473 | . . . . . . . . . . . . . . . . 473 . Electromagnetic 850 | . . . . . . . . . . . . 52 . . . . 798 Impact . | . . . . . . . . . . . . . . . . . . Slashing 1658 | . . . . . . 308 . . . . . . . . . 1350 . Piercing 2294 | . . . . . . . . . . . . . . 1268 . 1026 . Entropic 3696 | . . . . . . . . . . . . . 145 3551 . . . Highest Corruption 11 | . . . . . . . . . 6 . . 1 1 3 10 11 7 Average Corruption 4 | . . . . . . . . . 2 . . 1 1 2 10 9 5 Corruption Purged 19 | . . . . . . . . . 6 . . . . 4 . 9 . Corruption Blocked . | . . . . . . . . . . . . . . . . . . Effects 130 | . . . . . . . . . 31 . . 2 3 8 3 59 24 Message Errors 30 | . . . . . . . . . 7 . . . . 2 . 16 5 Matter Fused 27 | . . . . . . . . . 6 . . 2 1 2 1 12 3 Heat Flow Errors 19 | . . . . . . . . . 3 . . . 1 . 1 10 4 Energy Discharges 18 | . . . . . . . . . 6 . . . . . . 9 3 Parts Rejected 2 | . . . . . . . . . 1 . . . . . . 1 . Parts Fused 1 | . . . . . . . . . . . . . . . . . 1 Data Loss (minor) 19 | . . . . . . . . . 4 . . . . 3 . 8 4 Data Loss (major) 4 | . . . . . . . . . . . . . . 1 . 2 1 Misfires 4 | . . . . . . . . . 1 . . . 1 . . . 2 Alerts 2 | . . . . . . . . . 2 . . . . . . . . Misdirections 2 | . . . . . . . . . . . . . . . 1 1 . Weapon Failures 2 | . . . . . . . . . 1 . . . . . . . 1 Overload Shots . | . . . . . . . . . . . . . . . . . . Overflow Damage 1407 | . . 38 . 22 . 10 . . 151 53 1 . 43 419 . 619 51 Projectiles 499 | . . 38 . 22 . . . . 151 . . . 43 205 . . 40 Explosions 114 | . . . . . . . . . . 53 1 . . . . 49 11 Melee 794 | . . . . . . 10 . . . . . . . 214 . 570 . Knockbacks 36 | . . 1 . 1 . . . . 26 . . 2 5 1 . . . Impact . | . . . . . . . . . . . . . . . . . . Kinetic 35 | . . 1 . 1 . . . . 25 . . 2 5 1 . . . Secondary 1 | . . . . . . . . . 1 . . . . . . . . Self-Inflicted Damage 281 | . . . . . . . . . . 67 . . . . . 143 71 Shots 9 | . . . . . . . . . . 3 . . . . . 3 3 Rammed 4 | . . . . 2 . . . . 2 . . . . . . . . Targets Rammed 4 | . . . . 2 . . . . 2 . . . . . . . . Kicked . | . . . . . . . . . . . . . . . . . . Crushed . | . . . . . . . . . . . . . . . . . . Highest Temperature 312 | . . . . 312 84 87 . 81 289 . . . 231 84 275 285 266 Average Temperature 65 | . . . . 98 59 39 . 40 73 . . . 64 26 94 60 60 Received Heat Transfer 1462 | . . 30 . 87 . . . 33 432 9 . . 165 232 . 342 132 Effects 3 | . . . . . . . . . 2 . . . . . 1 . . Energy Bleed 1 | . . . . . . . . . 1 . . . . . . . . Interference 2 | . . . . . . . . . 1 . . . . . 1 . . Siege Activations . | . . . . . . . . . . . . . . . . . . Martial Activations . | . . . . . . . . . . . . . . . . . . Shielding Activations . | . . . . . . . . . . . . . . . . . . Robots Disrupted . | . . . . . . . . . . . . . . . . . . Combat Hostiles . | . . . . . . . . . . . . . . . . . . Robots Corrupted . | . . . . . . . . . . . . . . . . . . Combat Hostiles . | . . . . . . . . . . . . . . . . . . Parts Fried 1 | . . . . . . . . . . . . . . . . . 1 Impact Corruptions . | . . . . . . . . . . . . . . . . . . Robots Melted 2 | . . . . 1 . . . . . . . . . . . . 1 Combat Hostiles 2 | . . . . 1 . . . . . . . . . . . . 1 Parts Melted 6 | . . . . 5 . . . . . . . . . . . . 1 Heat Transferred 3749 | . . 555 . 2217 198 . . . 150 . . . . . . . 629 Parts Sabotaged 4 | . . . . . . . . . . . . 4 . . . . . Parts Stolen 1 | . . . . . 1 . . . . . . . . . . . . Parts Stripped . | . . . . . . . . . . . . . . . . . . Power Chain Reactions . | . . . . . . . . . . . . . . . . . . Alert | -11 -10 -10 -9 -6 -6 -6 -6 -5 -5 -5 -5 -5 -4 -4 -4 -4 -4 ------- Run | Yrd Mat Sub Scr Fac Low Low Dat Pro Fac Upp Upp War Pro Fac Was Fac Arm Maximum Alert Level 4 | . . . . 2 . . . . 4 . . . . 2 . 2 3 Low Security (%) 35 | 100 100 . . 73 . . . . 9 . . . . 21 100 80 2 Level 1 33 | . . . . 23 . . . . 38 . . . . 50 . 7 53 Level 2 17 | . . . . 3 . . . . 13 . . . . 27 . 12 42 Level 3 1 | . . . . . . . . . 4 . . . . . . . 1 Level 4 12 | . . . . . . . . . 33 . . . . . . . . Level 5 . | . . . . . . . . . . . . . . . . . . High Security . | . . . . . . . . . . . . . . . . . . Max Security . | . . . . . . . . . . . . . . . . . . Peak Influence 1518 | 5 6 . . 436 . . . . 1518 . . . . 551 189 613 734 Initial 300 | . . . . . . . . . 102 . . . . 300 189 90 212 Average 398 | 1 . . . 188 . . . . 679 . . . . 304 163 158 390 Influence Increases 9413 | 5 6 266 . 1002 77 . . 294 2711 472 255 283 45 1316 . 1616 1065 Destroy 0b10 Robot/C 3920 | . . 180 . 520 60 . . 160 1120 340 140 180 40 440 . 240 500 Destroy 0b10 Robot/NC 215 | 5 . . . 35 . . . . 65 . . 5 5 35 . 55 10 Destroy Leader 698 | . . 10 . 132 10 . . 30 228 30 10 . . 98 . 46 104 Allied During Kill 1064 | . . 46 . 184 7 . . 104 311 102 90 68 . . . 30 122 Trap Triggered on 0b10 10 | . . . . . . . . . . . . . . . . 10 . Successful Hack 148 | . 6 . . 27 . . . . 36 . . . . 28 . 51 . Select Force Hacks 20 | . . . . 20 . . . . . . . . . . . . . Disable Machine 615 | . . . . 60 . . . . 375 . . . . 15 . 60 105 Anti-Garrison Action 150 | . . . . . . . . . 150 . . . . . . . . Destroy Structure 728 | . . . . 24 . . . . 366 . . . . 70 . 194 74 Advance Influence 300 | . . . . . . . . . . . . . . 300 . . . Partial Spotted 225 | . . . . . . . . . . . . . . 75 . 150 . Lose Combat Pursuer 1320 | . . 30 . . . . . . 60 . 15 30 . 255 . 780 150 Influence Decreases 8718 | 5 6 228 38 572 454 53 . 130 1364 816 516 1072 162 775 412 1310 805 Entered New Map 2690 | . . . 38 . 160 11 . . 62 560 222 906 117 . 352 39 223 Time Decay 4000 | 5 6 208 . 412 294 42 . 130 712 246 294 66 35 565 40 583 362 Search Patrol Dispatched 150 | . . . . . . . . . . . . . . . . 150 . Lost Part 340 | . . . . . . . . . 20 10 . 20 10 60 . 190 30 Lost Ally 690 | . . 20 . 160 . . . . 120 . . 80 . . 20 100 190 Purge Threat 848 | . . . . . . . . . 450 . . . . 150 . 248 . Squads Dispatched 65 | . 1 . . 9 . . . . 22 . . . . 8 . 16 9 Investigation 23 | . 1 . . 4 . . . . 5 . . . . 2 . 8 3 Extermination 19 | . . . . 2 . . . . 6 . . . . 4 . 5 2 Reinforcement 18 | . . . . 3 . . . . 6 . . . . 2 . 3 4 Assault 5 | . . . . . . . . . 5 . . . . . . . . Garrison . | . . . . . . . . . . . . . . . . . . Intercept . | . . . . . . . . . . . . . . . . . . Searches Triggered 1 | . . . . . . . . . . . . . . . . 1 . Data Miner Redirects 7 | . . . . . . . . . 3 . . . . . . 2 2 Construction Impeded 3 | . . . . . . . . . 3 . . . . . . . . Haulers Reinforced 3 | . . . . 1 . . . . . . . . . 1 . 1 . Active Scanning Responses . | . . . . . . . . . . . . . . . . . . Cargo Convoy Interrupts . | . . . . . . . . . . . . . . . . . . Stealth | -11 -10 -10 -9 -6 -6 -6 -6 -5 -5 -5 -5 -5 -4 -4 -4 -4 -4 --------- Run | Yrd Mat Sub Scr Fac Low Low Dat Pro Fac Upp Upp War Pro Fac Was Fac Arm Distress Signals 26 | . 3 . . 2 . . . . 5 . . 1 . 1 . 10 4 Communications Jammed 6 | . . . . . . . . . . . . . . . . 6 . Distress Signals 6 | . . . . . . . . . . . . . . . . 6 . Times Spotted 380 | . 1 19 . 25 6 . . 8 67 15 6 25 8 41 6 121 32 Peak Tracking Total 16 | . 2 6 . 4 3 . . 4 5 10 5 9 2 6 6 16 12 Tactical Retreats 40 | . . 1 . . 1 . . . 4 . 1 1 . 9 . 20 3 Traps | -11 -10 -10 -9 -6 -6 -6 -6 -5 -5 -5 -5 -5 -4 -4 -4 -4 -4 ------- Run | Yrd Mat Sub Scr Fac Low Low Dat Pro Fac Upp Upp War Pro Fac Was Fac Arm Traps Triggered 11 | . 1 . . . . . . . 5 . . . . 3 . 1 1 Indirectly 1 | . . . . . . . . . . . . . . . . . 1 Trap Hack Attempts . | . . . . . . . . . . . . . . . . . . Triggered . | . . . . . . . . . . . . . . . . . . Disarmed 6 | . . . . . . . . . . . . . . 6 . . . Reprogrammed 5 | . . . . . . . . . . . . . . . . 5 . Reused 1 | . . . . . . . . . . . . . . . . 1 . Traps Extracted . | . . . . . . . . . . . . . . . . . . Installed 1 | . . 1 . . . . . . . . . . . . . . . Triggered 1 | . . . . . . . . . . . . . . . . 1 . Machines | -11 -10 -10 -9 -6 -6 -6 -6 -5 -5 -5 -5 -5 -4 -4 -4 -4 -4 ---------- Run | Yrd Mat Sub Scr Fac Low Low Dat Pro Fac Upp Upp War Pro Fac Was Fac Arm Machines Disabled 44 | . . 2 . 4 . . . . 26 . . . . 1 . 4 7 Max in Single Turn 2 | . . 1 . 1 . . . . 2 . . . . 1 . 1 1 Garrison Access 2 | . . . . . . . . . 2 . . . . . . . . Machines Repaired . | . . . . . . . . . . . . . . . . . . Machines Dismantled . | . . . . . . . . . . . . . . . . . . Machines Sabotaged . | . . . . . . . . . . . . . . . . . . Overloaded Fab Kills . | . . . . . . . . . . . . . . . . . . Hacking | -11 -10 -10 -9 -6 -6 -6 -6 -5 -5 -5 -5 -5 -4 -4 -4 -4 -4 --------- Run | Yrd Mat Sub Scr Fac Low Low Dat Pro Fac Upp Upp War Pro Fac Was Fac Arm Machines Accessed 63 | . 1 2 6 6 . . 3 . 12 . . 3 . 7 . 19 4 Terminals 19 | . 1 . . 1 . . . . 3 . . . . 2 . 11 1 Fabricators 6 | . . . . 1 . . . . . . . . . 1 . 3 1 Repair Stations 6 | . . . . . . . . . 3 . . . . 2 . 1 . Recycling Units 12 | . . . . 3 . . . . 2 . . . . 1 . 4 2 Scanalyzers 5 | . . . . 1 . . . . 3 . . . . 1 . . . Garrison Access 1 | . . . . . . . . . 1 . . . . . . . . Total Hacks 258 | . 2 5 37 8 . . 23 . 55 . . 11 . 39 . 70 8 Successful 189 | . 2 5 37 5 . . 23 . 32 . . 11 . 33 . 37 4 Failed 69 | . . . . 3 . . . . 23 . . . . 6 . 33 4 Catastrophic 11 | . . . . . . . . . 3 . . . . . . 7 1 Database Lockouts . | . . . . . . . . . . . . . . . . . . Manual 64 | . 2 . . 4 . . . . 5 . . 1 . 14 . 35 3 Terminals 86 | . 2 . . 2 . . . . 16 . . . . 14 . 49 3 Fabricators 20 | . . . . 1 . . . . . . . . . 6 . 11 2 Repair Stations 23 | . . . . . . . . . 11 . . . . 9 . 3 . Recycling Units 21 | . . . . 3 . . . . 3 . . . . 5 . 7 3 Scanalyzers 31 | . . . . 2 . . . . 24 . . . . 5 . . . Garrison Access 1 | . . . . . . . . . 1 . . . . . . . . Terminal Hacks 113 | . 2 5 37 1 . . 23 . 8 . . 11 . 6 . 20 . Record 50 | . . 4 36 . . . 6 . . . . 4 . . . . . Part Schematic 12 | . . . . . . . 8 . 1 . . . . 1 . 2 . Robot Schematic 7 | . . . . . . . 6 . . . . . . . . 1 . Robot Analysis 3 | . 2 . . . . . . . . . . . . 1 . . . Prototype ID Bank 9 | . . . . . . . 3 . . . . 6 . . . . . Open Door 1 | . . . . . . . . . . . . 1 . . . . . Level Access Points 1 | . . . . . . . . . 1 . . . . . . . . Branch Access Points 2 | . . . . . . . . . 1 . . . . 1 . . . Machine Index 1 | . . . . . . . . . . . . . . 1 . . . Fabricator Index 1 | . . . . . . . . . 1 . . . . . . . . Alert Level 2 | . . . . . . . . . 1 . . . . . . 1 . Unreport Threat 3 | . . . . . . . . . . . . . . . . 3 . Locate Traps 1 | . . . . . . . . . . . . . . . . 1 . Disarm Traps 1 | . . . . . . . . . . . . . . 1 . . . Reprogram Traps 1 | . . . . . . . . . . . . . . . . 1 . Reinforcement Status 1 | . . . . . . . . . . . . . . . . 1 . Recall Investigation 2 | . . . . . . . . . 1 . . . . . . 1 . Recall Extermination 4 | . . . . . . . . . . . . . . . . 4 . Recall Reinforcements 2 | . . . . . . . . . . . . . . . . 2 . Hauler Manifests 3 | . . . . . . . . . 1 . . . . 1 . 1 . Registered Components 2 | . . . . 1 . . . . . . . . . . . 1 . Registered Prototypes 1 | . . . . . . . . . 1 . . . . . . . . Zone Layout 1 | . . . . . . . . . . . . . . . . 1 . Proto ID Catalog 2 | . . 1 1 . . . . . . . . . . . . . . Fabricator Hacks 8 | . . . . . . . . . . . . . . 2 . 4 2 Network Status 1 | . . . . . . . . . . . . . . 1 . . . Load Schematic 5 | . . . . . . . . . . . . . . 1 . 3 1 Build 2 | . . . . . . . . . . . . . . . . 1 1 Repair Station Hacks 16 | . . . . . . . . . 5 . . . . 9 . 2 . Scan Component 9 | . . . . . . . . . 3 . . . . 5 . 1 . Repair 7 | . . . . . . . . . 2 . . . . 4 . 1 . Recycling Unit Hacks 4 | . . . . . . . . . 1 . . . . 1 . 2 . Retrieve Components 4 | . . . . . . . . . 1 . . . . 1 . 2 . Scanalyzer 20 | . . . . . . . . . 16 . . . . 4 . . . Insert Component 11 | . . . . . . . . . 9 . . . . 2 . . . Analyze 9 | . . . . . . . . . 7 . . . . 2 . . . Garrison Access Hacks 1 | . . . . . . . . . 1 . . . . . . . . Seal Access 1 | . . . . . . . . . 1 . . . . . . . . Unauthorized Hacks 27 | . . . . 4 . . . . 1 . . . . 11 . 9 2 Terminals 5 | . . . . . . . . . . . . . . 3 . 2 . Track 1 | . . . . . . . . . . . . . . 1 . . . Assimilate 2 | . . . . . . . . . . . . . . . . 2 . Botnet 1 | . . . . . . . . . . . . . . 1 . . . Operators 1 | . . . . . . . . . . . . . . 1 . . . Fabricators 8 | . . . . 1 . . . . . . . . . 4 . 3 . Report 1 | . . . . . . . . . . . . . . 1 . . . Liberate 2 | . . . . . . . . . . . . . . 1 . 1 . Haulers 1 | . . . . . . . . . . . . . . 1 . . . Download 1 | . . . . 1 . . . . . . . . . . . . . Recompile 3 | . . . . . . . . . . . . . . 1 . 2 . Repair Stations 10 | . . . . 3 . . . . 1 . . . . . . 4 2 Recycling Units 4 | . . . . . . . . . . . . . . 4 . . . Monitor 1 | . . . . . . . . . . . . . . 1 . . . Reject 1 | . . . . . . . . . . . . . . 1 . . . Recyclers 1 | . . . . . . . . . . . . . . 1 . . . Mask 1 | . . . . . . . . . . . . . . 1 . . . Fedlink 7 | . . . . 3 . . . . 1 . . . . . . 3 . Scraphulk 3 | . . . . . . . . . . . . . . . . 1 2 Scanalyzers . | . . . . . . . . . . . . . . . . . . Garrison Access . | . . . . . . . . . . . . . . . . . . Data Cores Recovered . | . . . . . . . . . . . . . . . . . . Used . | . . . . . . . . . . . . . . . . . . Hacking Detections 34 | . 1 . . 2 . . . . 10 . . . . 4 . 15 2 Full Trace Events 4 | . . . . . . . . . 2 . . . . 1 . 1 . Feedback Events . | . . . . . . . . . . . . . . . . . . Feedback Blocked . | . . . . . . . . . . . . . . . . . . Robot Schematics Acquired 7 | . . . . . . . 6 . . . . . . . . 1 . Robots Built . | . . . . . . . . . . . . . . . . . . Authchips . | . . . . . . . . . . . . . . . . . . Time . | . . . . . . . . . . . . . . . . . . Total Robot Build Rating . | . . . . . . . . . . . . . . . . . . Part Schematics Acquired 21 | . . . . 1 . . 8 . 7 . . . . 3 . 2 . Parts Built 2 | . . . . . . . . . . . . . . . . 1 1 Authchips 2 | . . . . . . . . . . . . . . . . 1 1 Time 158 | . . . . . . . . . . . . . . . . 102 56 Total Part Build Rating 14 | . . . . . . . . . . . . . . . . 8 6 Parts Repaired 7 | . . . . . . . . . 2 . . . . 4 . 1 . Time 335 | . . . . . . . . . 88 . . . . 185 . 62 . Parts Recycled . | . . . . . . . . . . . . . . . . . . Recycled Matter . | . . . . . . . . . . . . . . . . . . Retrieved Matter . | . . . . . . . . . . . . . . . . . . Retrieved Components 12 | . . . . . . . . . 2 . . . . 9 . 1 . Parts Scanalyzed 8 | . . . . . . . . . 6 . . . . 2 . . . Part Schematics Acquired 8 | . . . . . . . . . 6 . . . . 2 . . . Parts Damaged 2 | . . . . . . . . . 2 . . . . . . . . Bothacking | -11 -10 -10 -9 -6 -6 -6 -6 -5 -5 -5 -5 -5 -4 -4 -4 -4 -4 ------------ Run | Yrd Mat Sub Scr Fac Low Low Dat Pro Fac Upp Upp War Pro Fac Was Fac Arm Used RIF Installer . | . . . . . . . . . . . . . . . . . . Robots Hacked . | . . . . . . . . . . . . . . . . . . Non-combat . | . . . . . . . . . . . . . . . . . . Combat . | . . . . . . . . . . . . . . . . . . Robot Hacks Applied . | . . . . . . . . . . . . . . . . . . Relay Couplers Released 7 | . . . . 4 . . . . 3 . . . . . . . . Machine Destruction 3 | . . . . . . . . . 3 . . . . . . . . Programmers 4 | . . . . 4 . . . . . . . . . . . . . Fabnet Peak Effective % . | . . . . . . . . . . . . . . . . . . Robots Rewired 9 | . . . . . . . . . . . . . . . . . 9 Allies Hacked 4 | . . . . 1 . . . . . . . . . . . . 3 Hacks Repelled . | . . . . . . . . . . . . . . . . . . Allies | -11 -10 -10 -9 -6 -6 -6 -6 -5 -5 -5 -5 -5 -4 -4 -4 -4 -4 -------- Run | Yrd Mat Sub Scr Fac Low Low Dat Pro Fac Upp Upp War Pro Fac Was Fac Arm Total Allies 68 | . . 11 1 . . 6 . 4 11 4 . . 6 5 1 8 11 Largest Group 9 | . . 9 9 9 1 5 1 5 5 5 5 5 4 4 1 3 5 Highest-Rated Group 383 | . . 171 208 208 56 380 56 380 383 378 378 379 324 324 46 285 340 Highest-Rated Ally 123 | . . 19 56 56 56 81 56 81 81 81 81 81 81 81 46 123 123 Total Orders 14 | . . . . . . . . . 6 . . . . . . . 8 STAY 5 | . . . . . . . . . 2 . . . . . . . 3 FOLLOW 1 | . . . . . . . . . 1 . . . . . . . . GUARD 4 | . . . . . . . . . . . . . . . . . 4 AID 3 | . . . . . . . . . 3 . . . . . . . . EXPLORE 1 | . . . . . . . . . . . . . . . . . 1 Ally Attacks 571 | . . 30 . 110 15 . . 26 152 12 9 77 17 . 8 29 86 Total Damage 17020 | . . 519 . 1907 253 . . 951 5543 294 427 1721 1018 . 224 1029 3134 Kills 124 | . . 6 . 19 1 . . 8 45 3 4 8 7 . . 6 17 Allies Corrupted 2 | . . . . . . . . . 1 . . . . . . . 1 Allies Melted . | . . . . . . . . . . . . . . . . . . Intel | -11 -10 -10 -9 -6 -6 -6 -6 -5 -5 -5 -5 -5 -4 -4 -4 -4 -4 ------- Run | Yrd Mat Sub Scr Fac Low Low Dat Pro Fac Upp Upp War Pro Fac Was Fac Arm Active Infowar (turns) 17813 | . . . 1856 1039 1559 3564 132 346 3230 525 646 935 6 1300 86 1769 820 Optics 850 | . . . . . . . . . . . 186 664 . . . . . Sensors 11325 | . . . . 390 1559 3564 132 346 2364 525 646 144 6 . . 1024 625 Terrain 3272 | . . . . . . . . . 989 . . 772 . 1300 86 125 . Structural 692 | . . . . 459 . . . . . . . . . 2 . 231 . Seismic 3116 | . . . 1856 1039 221 . . . . . . . . . . . . Machine Analysis 4547 | . . . . . . . . 30 2056 . . . . . . 1641 820 Jamming 798 | . . . . . . . . . . . . . . . . 798 . ECM 76 | . . . . . . . . . . . . . . . . 76 . Robot Analysis Total 3 | . 2 . . . . . . . . . . . . 1 . . . Derelict Logs Recovered 12 | . . 3 3 . 2 1 . 1 . . 1 . 1 . . . . Drone Launches 9 | . . . . . . . . . . . . . . . . . 9 Drone Recoveries 4 | . . . . . . . . . . . . . . . . . 4 Exploration | -11 -10 -10 -9 -6 -6 -6 -6 -5 -5 -5 -5 -5 -4 -4 -4 -4 -4 ------------- Run | Yrd Mat Sub Scr Fac Low Low Dat Pro Fac Upp Upp War Pro Fac Was Fac Arm Turns Passed 26985 | 28 148 5082 4403 1039 1559 3564 132 346 3230 525 646 1092 781 1689 86 1815 820 Spaces Moved 17942 | 16 105 2644 2707 532 954 988 82 203 1645 303 396 650 344 2029 248 3557 539 Core 112 | . . . 103 . . . . . . . . . . . . 9 . Treads 3845 | . . 2366 1437 . 1 . . . 40 . . . . 1 . . . Legs 775 | 16 105 278 . . . . . . . . . . . . . . 376 Wheels 7485 | . . . 1167 532 953 988 82 203 1605 303 396 650 344 262 . . . Hover . | . . . . . . . . . . . . . . . . . . Flight 5725 | . . . . . . . . . . . . . . 1766 248 3548 163 Fastest Speed 14 | 120 120 120 50 135 160 160 160 160 145 160 160 111 111 19 21 14 35 Average Speed 117 | 120 136 178 145 152 160 160 160 160 159 160 160 143 198 50 27 26 93 Slowest Speed 480 | 120 190 240 340 165 320 160 160 160 243 160 160 160 205 480 28 200 170 Overloaded Moves 71 | . . . . . . . . . . . . . . 26 5 40 . Propulsion Burnouts . | . . . . . . . . . . . . . . . . . . Robots Hopped 51 | . . . . . . . . . . . . . . 24 . 27 . Potential Cave-ins 4 | . . . . . . 2 . . 2 . . . . . . . . Cave-ins Triggered . | . . . . . . . . . . . . . . . . . . Exploration Rate (%) 58 | 3 37 95 92 12 91 86 68 46 40 54 66 74 66 32 95 61 32 Regions Visited 17 Branch Regions 11 Pre-discovered Areas 11 | . . 2 4 1 2 1 1 . . . . . . . . . . Known Exits Taken 12 | . . . 1 1 1 1 1 1 1 1 1 1 1 . . 1 . Unknown Exits Taken 3 | 1 1 1 . . . . . . . . . . . . . . . Scrap Searched 18 | . . 3 5 . 4 1 . 2 . . 2 . 1 . . . . Spaces Dug 230 | . . 13 . 4 . 3 . . 22 58 . . 4 25 . 93 8 Terrain Destroyed 538 | . . 83 . 15 15 11 . . 114 80 47 6 18 39 . 93 17 Melee 86 | . . . . . . . . . . . . . . 21 . 65 . Projectile 202 | . . 7 . 15 2 11 . . 101 5 1 6 18 18 . 1 17 AOE 250 | . . 76 . . 13 . . . 13 75 46 . . . . 27 . Terrain Rammed . | . . . . . . . . . . . . . . . . . . Walls Destroyed . | . . . . . . . . . . . . . . . . . . Machines Disabled . | . . . . . . . . . . . . . . . . . . Actions | -11 -10 -10 -9 -6 -6 -6 -6 -5 -5 -5 -5 -5 -4 -4 -4 -4 -4 --------- Run | Yrd Mat Sub Scr Fac Low Low Dat Pro Fac Upp Upp War Pro Fac Was Fac Arm Total 22876 | 19 109 2908 3188 671 976 2953 82 218 2042 325 403 791 404 2527 264 4197 799 Wait 3644 | . . 165 379 24 1 1947 . 9 166 6 2 68 23 325 15 431 83 Move 17833 | 15 104 2643 2706 531 953 987 81 202 1644 302 395 649 343 1984 247 3508 539 Hop 42 | . . . . . . . . . . . . . . 21 . 21 . Pick Up 166 | . 3 7 51 20 5 . . 2 30 . . 13 1 15 1 17 1 Fast Attach 126 | . 1 1 6 8 1 1 . . 8 . 1 17 5 23 . 34 20 Attach 48 | . . 1 4 5 1 . . . 9 . . 3 3 8 1 11 2 Detach 22 | . 1 . . 2 . 1 . . 2 . . . . 6 . 10 . Swap 95 | 1 . 8 6 7 4 5 1 1 18 6 2 5 2 8 . 17 4 Drop 206 | . . 9 34 23 4 1 . 1 38 . . 24 1 25 . 31 15 Fire 412 | 3 . 73 2 49 7 6 . 3 125 11 3 12 26 40 . 3 49 Melee 189 | . . . . . . 5 . . . . . . . 69 . 114 1 Ram . | . . . . . . . . . . . . . . . . . . Kick . | . . . . . . . . . . . . . . . . . . Crush 4 | . . . . 2 . . . . 2 . . . . . . . . Escape Stasis 3 | . . . . . . . . . . . . . . 3 . . . Rewire 83 | . . . . . . . . . . . . . . . . . 83 Trap 1 | . . 1 . . . . . . . . . . . . . . . Miscellaneous 2 | . . . . . . . . . . . . . . . . . 2 Route ------- -11/Scrapyard -10/Materials (discovered 4 exits: [*Mat] / [*Min x2] / *Sub) -10/Subcaves (discovered 4 exits: [*Mat x2] / [*Rec] / *Scr) -9/Scraptown (discovered 2 exits: *Fac x2) -6/Factory (discovered 8 exits: *Fac x4 / *Low x2 / Ext x2) -6/Lower Caves -6/Lower Caves (discovered 2 exits: *Fac / *Dat) -6/Data Miner -5/Proximity Caves -5/Factory (discovered 6 exits: *Fac x4 / *Upp x2) -5/Upper Caves -5/Upper Caves (discovered 2 exits: *Fac / *War) -5/Warlord -4/Proximity Caves -4/Factory (discovered 4 exits: *Res / *Upp x2 / Arm) -4/Waste -4/Factory (discovered 5 exits: *Res x3 / *Upp / *Arm) -4/Armory (discovered 1 exit: Lab) History --------- Turn | Location | Event 3 | -11/Scrapyard | Discovered new exit (range 3) 29 | -11/Scrapyard | Entered Materials 30 | -10/Materials | Met a group of wandering Federalists 75 | -10/Materials | Discovered new exit (range 12) 77 | -10/Materials | Discovered new exit (range 12) 158 | -10/Materials | Discovered new exit (range 11) 160 | -10/Materials | Discovered new exit (range 7) 177 | -10/Materials | Entered Subcaves 178 | -10/Subcaves | Continued accompanying wandering Federalists (4) 227 | -10/Subcaves | Learned location of Zion (-7) 227 | -10/Subcaves | Met a Zionite searching for "candidates" 227 | -10/Subcaves | Learned Materials interactive machine intel 299 | -10/Subcaves | A swath of the cavern ceiling suddenly collapsed 308 | -10/Subcaves | Build established: Mutant 387 | -10/Subcaves | Wandering Federalist uncovered a shortcut to Scraptown 463 | -10/Subcaves | Learned Materials terminal intel 545 | -10/Subcaves | Visited triangular shrine 553 | -10/Subcaves | Found Prototype Device 553 | -10/Subcaves | Identified V3-11A's Pendant 558 | -10/Subcaves | Befriended Subdweller 692 | -10/Subcaves | Discovered new exit (range 14) 1166 | -10/Subcaves | Disturbed a concealed Subdweller 1168 | -10/Subcaves | Befriended Subdweller 1272 | -10/Subcaves | Visited 4L-MR0's lab 1292 | -10/Subcaves | Found Power Bank 1452 | -10/Subcaves | Visited Clippyterm 1457 | -10/Subcaves | Learned location of Section 7 (-2) 1488 | -10/Subcaves | Befriended Subdweller 1853 | -10/Subcaves | Befriended Subdweller 1859 | -10/Subcaves | Discovered new exit (range 15) 2601 | -10/Subcaves | Discovered new exit (range 11) 2610 | -10/Subcaves | Shifting Twisted Machinery released Enh. Flamer 2613 | -10/Subcaves | Befriended Subdweller 2618 | -10/Subcaves | Shifting Twisted Machinery released Scrap Shield 2628 | -10/Subcaves | Befriended Subdweller 2800 | -10/Subcaves | Ambushed by angry Subdweller bent on revenge 2803 | -10/Subcaves | Befriended Subdweller 2846 | -10/Subcaves | A swath of the cavern ceiling suddenly collapsed 3498 | -10/Subcaves | Befriended Subdweller 4406 | -10/Subcaves | Ambushed by angry Subdweller bent on revenge 4408 | -10/Subcaves | Befriended Subdweller 4473 | -10/Subcaves | Befriended Subdweller 4606 | -10/Subcaves | Learned location of 1 exit from Materials 4714 | -10/Subcaves | Ambushed by Subdweller buried in earth 4718 | -10/Subcaves | Befriended Subdweller 4726 | -10/Subcaves | Shifting Twisted Machinery released Sub. Monowheel 4742 | -10/Subcaves | Shifting Twisted Machinery released Sub. Beam Cannon 5259 | -10/Subcaves | Entered Scraptown 5259 | -9/Scraptown | Accompanied by 8 allies 5591 | -9/Scraptown | Scanned Subdweller tech in exchange for log data 5591 | -9/Scraptown | Learned location of 1 exit from Factory 5596 | -9/Scraptown | Learned Factory trap positions 5700 | -9/Scraptown | Discovered new exit (range 3) 5849 | -9/Scraptown | Visited Awakened 5897 | -9/Scraptown | Visited Cave Peace 5961 | -9/Scraptown | Visited Cyclists 5998 | -9/Scraptown | Visited CPS Storage 6060 | -9/Scraptown | Visited UFD Registry 6060 | -9/Scraptown | Registered with UFD as "Wrenchgrid" 6088 | -9/Scraptown | Visited SPCMW 6128 | -9/Scraptown | Visited Spacefarers 6184 | -9/Scraptown | Visited Symbiants 6323 | -9/Scraptown | Delivered V3-11A's Pendant to T0-NE2 in exchange for information 6700 | -9/Scraptown | Visited Cartography Club 6726 | -9/Scraptown | Visited Science Guys 6787 | -9/Scraptown | Visited Botcube Research 6797 | -9/Scraptown | Found Botcube 6870 | -9/Scraptown | Visited Abandonware Association 6889 | -9/Scraptown | Learned abandonware demo "ERRANTS.EXE" 6919 | -9/Scraptown | Learned abandonware demo "OVRCLOCK.EXE" 6956 | -9/Scraptown | Visited Scrap Suit Storage 6980 | -9/Scraptown | Visited Science Testing Area 7003 | -9/Scraptown | Visited Junk Repository 7055 | -9/Scraptown | Visited DA-N13 Charitable Foundation 7062 | -9/Scraptown | Found DCF Scrap (30 items) 7099 | -9/Scraptown | Visited LU-1G1's Boring Crew 7572 | -9/Scraptown | Found Deep Structural Scanner 7577 | -9/Scraptown | Learned location of Cetus (-6) 7577 | -9/Scraptown | Learned location of Hub_04(d) (-6) 7577 | -9/Scraptown | Learned location of Testing (-2) 7577 | -9/Scraptown | Learned 24 Factory zone layouts 7577 | -9/Scraptown | Learned 8 Research zone layouts 7577 | -9/Scraptown | Learned 4 Access zone layouts 7577 | -9/Scraptown | Learned 8 Access zone layouts 7577 | -9/Scraptown | Learned 12 Lower Caves zone layouts 7577 | -9/Scraptown | Learned 24 Upper Caves zone layouts 7577 | -9/Scraptown | Learned 12 Proximity Caves zone layouts 7577 | -9/Scraptown | Learned 20 Proximity Caves zone layouts 7577 | -9/Scraptown | Learned 24 Proximity Caves zone layouts 7577 | -9/Scraptown | Learned 4 Armory zone layouts 7577 | -9/Scraptown | Learned location of 2 exits from Factory 7577 | -9/Scraptown | Identified exit to Factory 7577 | -9/Scraptown | Learned location of 1 exit from Lower Caves 7577 | -9/Scraptown | Learned location of 2 exits from Lower Caves 8311 | -9/Scraptown | Build established: Derelict-Mutant 8468 | -9/Scraptown | Found Scrap Suit 8470 | -9/Scraptown | Found Scrap Suit 8762 | -9/Scraptown | Botcube activated 8784 | -9/Scraptown | Botcube completed mutation into treaded form, armed with 2 cannons. 9562 | -9/Scraptown | Met Optimus 9562 | -9/Scraptown | Accepted into 0bPrime 9662 | -9/Scraptown | Entered Factory 9662 | -6/Factory | Accompanied by 9 allies 9662 | -6/Factory | Evolved 8 slots: Propulsion x2, Utility x6 9663 | -6/Factory | Identified exit to Factory 9663 | -6/Factory | Identified exit to Lower Caves 9664 | -6/Factory | Identified exit to Extension 9666 | -6/Factory | Loaded intel: 104 trap records 9843 | -6/Factory | Found Powered Armor 9902 | -6/Factory | Lost 5 allies 9961 | -6/Factory | Found Powered Armor 9966 | -6/Factory | Found Powered Armor 10368 | -6/Factory | Loaded intel: 8 recycling unit locations 10403 | -6/Factory | Learned location of Protoforge (-2) 10470 | -6/Factory | Lost 3 allies 10522 | -6/Factory | Build established: Mutant 10701 | -6/Factory | Entered Lower Caves 10701 | -6/Lower Caves | Accompanied by 1 ally 10702 | -6/Lower Caves | Identified exit to Lower Caves 12260 | -6/Lower Caves | Entered another Lower Caves area 12260 | -6/Lower Caves | Accompanied by 1 ally 12261 | -6/Lower Caves | Identified exit to Data Miner 12420 | -6/Lower Caves | Encountered a Warlord checkpoint 12463 | -6/Lower Caves | Prototype Device suddenly appears! 12481 | -6/Lower Caves | Found Prototype Device 12481 | -6/Lower Caves | Identified Amulet of Y3-NDR 12534 | -6/Lower Caves | Joined by bewildered Wizard 12536 | -6/Lower Caves | Joined by bewildered Wizard 12537 | -6/Lower Caves | Joined by bewildered Wizard 12545 | -6/Lower Caves | Joined by bewildered Wizard 13249 | -6/Lower Caves | Joined by bewildered Wizard 13456 | -6/Lower Caves | Joined by bewildered Wizard 15824 | -6/Lower Caves | Entered Data Miner 15824 | -6/Data Miner | Accompanied by 1 ally 15826 | -6/Data Miner | Discovered new exit (range 6) 15856 | -6/Data Miner | Met Data Miner 15898 | -6/Data Miner | Acquired the access code to Warlord's prototype stash 15912 | -6/Data Miner | Received God Mode back door access code from Data Miner 15954 | -6/Data Miner | Identified exit to Proximity Caves 15956 | -6/Data Miner | Entered Proximity Caves 15956 | -5/Proximity Caves | Accompanied by 1 ally 15979 | -5/Proximity Caves | Joined by bewildered Wizard 15981 | -5/Proximity Caves | Joined by bewildered Wizard 15982 | -5/Proximity Caves | Joined by bewildered Wizard 16056 | -5/Proximity Caves | Joined by bewildered Wizard 16188 | -5/Proximity Caves | Spotted B-75 Beast 16204 | -5/Proximity Caves | Allies destroyed B-75 Beast 16293 | -5/Proximity Caves | Learned location of 1 exit from Upper Caves 16302 | -5/Proximity Caves | Entered Factory 16302 | -5/Factory | Accompanied by 5 allies 16302 | -5/Factory | Evolved 2 slots: Propulsion x1, Utility x1 16402 | -5/Factory | Loaded intel: 8 recycling unit locations 16443 | -5/Factory | Discovered new exit (range 12) 16510 | -5/Factory | Incoming assault squad redirected 16516 | -5/Factory | Incoming assault squad redirected 16584 | -5/Factory | Build established: Skirmisher 16651 | -5/Factory | Joined by bewildered Wizard 16651 | -5/Factory | Joined by bewildered Wizard 16677 | -5/Factory | Lost 4 allies 16685 | -5/Factory | Joined by bewildered Wizard 17144 | -5/Factory | Build established: Hacker-Skirmisher 17503 | -5/Factory | Identified exit to Factory 18168 | -5/Factory | Repaired Broken Imp. Cesium-ion Thruster 18361 | -5/Factory | Discovered exit to Factory (range 19) 18402 | -5/Factory | First assault squad dispatched 18427 | -5/Factory | Incoming assault squad redirected 18439 | -5/Factory | Build established: Hacker-Mutant 18467 | -5/Factory | Found Botcube 18513 | -5/Factory | Joined by bewildered Wizard 18515 | -5/Factory | Joined by bewildered Wizard 18528 | -5/Factory | Botcube activated 18536 | -5/Factory | Joined by bewildered Wizard 18537 | -5/Factory | Joined by bewildered Wizard 18548 | -5/Factory | Botcube completed mutation into treaded form, armed with 2 cannons. 18610 | -5/Factory | Lost 3 allies 18613 | -5/Factory | Joined by bewildered Wizard 18613 | -5/Factory | Joined by bewildered Wizard 18814 | -5/Factory | Discovered new exit (range 17) 19072 | -5/Factory | Repaired Arm. Huge Wheel 19226 | -5/Factory | Identified exit to Upper Caves 19304 | -5/Factory | Build established: Hacker-Skirmisher 19532 | -5/Factory | Entered Upper Caves 19532 | -5/Upper Caves | Accompanied by 1 ally 19533 | -5/Upper Caves | Identified exit to Upper Caves 19563 | -5/Upper Caves | Destroyed 10 combat bots 19608 | -5/Upper Caves | Joined by bewildered Wizard 19609 | -5/Upper Caves | Joined by bewildered Wizard 19610 | -5/Upper Caves | Joined by bewildered Wizard 19644 | -5/Upper Caves | Build established: Hacker-Mutant 19660 | -5/Upper Caves | Attracted the attention of an 0b10 checkpoint 19664 | -5/Upper Caves | Joined by bewildered Wizard 20057 | -5/Upper Caves | Entered another Upper Caves area 20057 | -5/Upper Caves | Accompanied by 5 allies 20058 | -5/Upper Caves | Encountered a Warlord checkpoint 20058 | -5/Upper Caves | Identified exit to Warlord 20401 | -5/Upper Caves | Attracted the attention of an 0b10 checkpoint 20588 | -5/Upper Caves | Learned location of 2 exits from Factory 20703 | -5/Upper Caves | Entered Warlord 20703 | -5/Warlord | Accompanied by 5 allies 20804 | -5/Warlord | Build established: Hacker-Skirmisher 20995 | -5/Warlord | Rebuked by Warlord 21003 | -5/Warlord | Warlord's base attacked by MAIN.C 21093 | -5/Warlord | Found Prototype Piercing Weapon 21093 | -5/Warlord | Identified Vortex Lance 21096 | -5/Warlord | Found Prototype Energy Cannon 21096 | -5/Warlord | Identified Vortex Cannon 21108 | -5/Warlord | Found Vortex Lance 21114 | -5/Warlord | Found Vortex Cannon 21353 | -5/Warlord | Warlord forces counterattacked 21358 | -5/Warlord | Opened Warlord's prototype stash 21366 | -5/Warlord | Found Prototype Hackware 21366 | -5/Warlord | Identified System Mapper 21377 | -5/Warlord | Found Prototype Device 21377 | -5/Warlord | Identified System Purifier 21393 | -5/Warlord | Found Prototype Processor 21393 | -5/Warlord | Identified Exp. Target Analyzer 21593 | -5/Warlord | Spotted Striker 21615 | -5/Warlord | Allies destroyed Striker 21648 | -5/Warlord | Lost 4 allies 21665 | -5/Warlord | Build established: Hacker-Mutant 21678 | -5/Warlord | Warlord base infiltrated, sounded retreat 21711 | -5/Warlord | Found Botcube 21726 | -5/Warlord | Spotted Striker 21767 | -5/Warlord | Discovered new exit (range 15) 21781 | -5/Warlord | Identified exit to Proximity Caves 21795 | -5/Warlord | Entered Proximity Caves 21797 | -4/Proximity Caves | Spotter reported a threat 21798 | -4/Proximity Caves | Spotter reported a threat 21869 | -4/Proximity Caves | Lost 6 parts (1p2n1u2w) 21974 | -4/Proximity Caves | Joined by bewildered Wizard 21977 | -4/Proximity Caves | Joined by bewildered Wizard 21981 | -4/Proximity Caves | Joined by bewildered Wizard 22002 | -4/Proximity Caves | Joined by bewildered Wizard 22079 | -4/Proximity Caves | Attacked by a faux Warlord 22111 | -4/Proximity Caves | Joined by bewildered Wizard 22112 | -4/Proximity Caves | Joined by bewildered Wizard 22124 | -4/Proximity Caves | Lost 3 allies 22234 | -4/Proximity Caves | Learned 4 Research zone layouts 22576 | -4/Proximity Caves | Entered Factory 22576 | -4/Factory | Accompanied by 3 allies 22576 | -4/Factory | Evolved 2 slots: Power x1, Propulsion x1 22577 | -4/Factory | Identified exit to Upper Caves 22577 | -4/Factory | Identified exit to Research 22671 | -4/Factory | Joined by bewildered Wizard 22732 | -4/Factory | Joined by bewildered Wizard 22733 | -4/Factory | Joined by bewildered Wizard 22758 | -4/Factory | Lost 4 allies 23304 | -4/Factory | Spotted B-86 Titan 23390 | -4/Factory | Repaired Centrium Light Armor Plating? 23492 | -4/Factory | Repaired Adv. Terrain Scanner 23787 | -4/Factory | Identified exit to Armory 23834 | -4/Factory | Build established: Wizard-Sprinter 23897 | -4/Factory | Found Prototype Processor 23897 | -4/Factory | Identified Exp. Signal Interpreter 23978 | -4/Factory | Repaired Nuclear Pulse Array 24029 | -4/Factory | Repaired Adv. Terrain Scanner 24127 | -4/Factory | Spotted B-86 Titan 24265 | -4/Factory | Sucked down chute 24265 | -4/Factory | Entered Waste 24266 | -4/Waste | Met a frightened Derelict 24277 | -4/Waste | Spotted C-40 Crusher 24280 | -4/Waste | EMP discharged 24280 | -4/Waste | System corruption reached 10% 24287 | -4/Waste | Spotted C-40 Crusher 24287 | -4/Waste | Spotted C-40 Crusher 24288 | -4/Waste | Spotted C-40 Crusher 24288 | -4/Waste | Spotted C-40 Crusher 24336 | -4/Waste | Spotted C-40 Crusher 24341 | -4/Waste | Discovered new exit (range 13) 24351 | -4/Waste | Entered Factory 24432 | -4/Factory | Spotted B-86 Titan 24499 | -4/Factory | Fabricated Cld. Impulse Thruster? 24534 | -4/Factory | Lost 4 parts (3p1u) 24772 | -4/Factory | Discovered exit to Research (range 12) 24842 | -4/Factory | Loaded intel: 8 recycling unit locations 25020 | -4/Factory | Discovered exit to Research (range 15) 25081 | -4/Factory | Discovered exit to Upper Caves (range 2) 25284 | -4/Factory | Found Unknown Launcher 25288 | -4/Factory | Identified Fusion Bomb Launcher 25310 | -4/Factory | Build established: Wizard-Ninja 25629 | -4/Factory | Repaired Broken Molecular Scythe 25882 | -4/Factory | Incoming investigation squad redirected 25899 | -4/Factory | Discovered exit to Research (range 10) 25930 | -4/Factory | Spotted B-86 Titan 25994 | -4/Factory | Core integrity fell below 50% 26055 | -4/Factory | Lost 3 allies 26064 | -4/Factory | Lost 11 parts (2p4n4u1w) 26072 | -4/Factory | Incoming investigation squad redirected 26080 | -4/Factory | Scraphulk reinforcements arrived? 26088 | -4/Factory | Joined by bewildered Wizard 26088 | -4/Factory | Joined by bewildered Wizard 26101 | -4/Factory | Search patrols dispatched 26150 | -4/Factory | Core integrity fell below 20% 26161 | -4/Factory | Discovered exit to Armory (range 11) 26166 | -4/Factory | Entered Armory 26167 | -4/Armory | Identified exit to Lab 26196 | -4/Armory | Lost 3 parts (2n1u) 26225 | -4/Armory | Incoming investigation squad redirected 26237 | -4/Armory | Found Prototype Processor 26237 | -4/Armory | Identified Exp. Melee Analysis Suite 26271 | -4/Armory | Found Prototype Launcher 26271 | -4/Armory | Identified Com. Tesla Bomb Launcher 26435 | -4/Armory | Found Prototype Launcher 26435 | -4/Armory | Identified Tesla Bomb Launcher 26446 | -4/Armory | Found Exp. Targeting Computer 26526 | -4/Armory | Scraphulk reinforcements arrived 26723 | -4/Armory | Fabricated Enh. Armored Leg (x1) 26758 | -4/Armory | Lost 6 allies 26899 | -4/Armory | P-70 Sage assimilated allied Veteran 7a 26911 | -4/Armory | Spotted B-86 Titan 26957 | -4/Armory | Incoming investigation squad redirected 26958 | -4/Armory | Scraphulk reinforcements arrived? 26986 | -4/Armory | Destroyed by S-27 Virus with Autogun Last Messages --------------- 26949_ Terminal x1 26949_ S-27 Virus misfires. 26957_ ALERT: Higher priority target reported, redirecting investigation. 26958_ >> RECYCLER: Scraphulk arrived? 26958_ S-27 Virus destroyed. 26970_ S-27 Virus misfires. 26970_ Shield Leg destroyed. 26971_ Slug penetrates Wall. 26973_ Adv. Sensor Array destroyed. 26975_ B-86 Titan activates siege mode. 26977_ Penetrated by Slug. 26977_ ALERT: Suspicious intruders detected, dispatching Specialist reinforcements to area. 26979_ Slug penetrates Wall. 26979_ Shield Leg destroyed. 26983_ Slug penetrates Wall. 26983_ Penetrated by Slug. 26983_ Reinforced Shell breached. 26986_ Slug penetrates Wall. Map ----- +----------------------------------------------------+ | ????????????????????????# " ## #???????# | | ????????????????????????# #""" ## +???????# | | ???????? ?????????????+ #"Y ## ###???"""???? | | ???????? ???????????# #""" ## #??????R"???? | | ???????? ??????????# # ## ??????"""???? | | ??????? ????????# # ! ## ????????????? | | ????""? ########% ##+###### #???????????? | | ????""" ?????? | | ?????"" = % % ?????? | | ?????????????####### ##/##### #########????????? | | ??????T????????????# # %#?? #????????????????? | | ?????????????????###= # #?? #????????????????? | | ?????????"""?"""?+ % # #?? #????????????????? | | ?????????"""?"""?###= # #?? #????????????????? | | ?????????"""?"""???# " #?? ????????????????? | | ???????????????????# %# #?? #???????????????? | | ?????????"""?"""???# *"""#+## #???????????????? | | ?????????"""?"""???# [%* #???????????????? | | ?????????"""?"""???# %#######???????????????? | | ???????????????????# "#####?????????????????????? | | ???????????????????# ## "??????????????????????? | | ??????????????????## ## "??????????????????????? | | ???????????##+##### Y # "??????????????????????? | | ?????????? "" # "??#???????????????????? | | ???????? T s "!!#???????????????????? | | ??????? ########## # @ !!#???????????????????? | | ??????????????????###### "!!#???????????????????? | | ???????????????????????# "??#???????????????????? | | ???????????????????????####??????????????????????? | | ?????????????????????????????????????????????????? | | ?????????????????????????????????????????????????? | | ???????H???????????"""???????????????????????????? | | ???????????????????"""???????????????????????????? | | ???????????????????"""???????????????????????????? | | ???????????????????"""???????????????????????????? | | ???????????????????"""???????????????????????????? | | ?????????????????????????????????????????????????? | | ?????????????????????????????????????????????????? | | ?????????????????????????????????????????????????? | | ?????????????????????????????????????????????????? | | ?????????????????????????????????????????????????? | | ?????????????????????????????????????????????????? | | ?????????????????????????????????????????????????? | | ?????????????????????????????????????????????????? | | ?????????????????????????????????????????????????? | | ?????????????????????????????????????????????????? | | ?????????????????????????????????????????????????? | | ?????????????????????????????????????????????????? | | ?????????????????????????????????????????????????? | | ?????????????????????????????????????????????????? | +----------------------------------------------------+ Best States ------------- Heat Dissipation 86 Energy Generation 39 Energy Capacity 375 Matter Stores 300 Matter Capacity 300 Sight Range 22 Robot Scan Range 16 Terrain Scan Range 20 Terrain Scan Density 210 ECM Strength 1 Jamming Range 16 Armor Coverage 1200 Resistance: EM 25 Melee Speed Boost 20 Evasion (%) 65 Targeting Accuracy 12 Melee Accuracy 12 Recoil Reduction 3 Kinecelleration 30 Offensive Hacking 60 Defensive Hacking 24 Authchip Count 2 Item Schematics ----------------- Adv. Melee Analysis Suite | -6/Factory | Downloaded Combat Drone Bay | -6/Data Miner | Free Lgt. Regenerative Plating | -6/Data Miner | Free Enh. Armored Leg | -6/Data Miner | Free Adv. EM Disruption Field | -6/Data Miner | Free Mni. Smartbomb Launcher | -6/Data Miner | Free Imp. Linear Gravjet | -6/Data Miner | Free Adv. Hardlight Generator | -6/Data Miner | Free Matter Neutralizer | -6/Data Miner | Free Imp. Cesium-ion Thruster | -5/Factory | Scanalyzed Sub. Shrapnel Launcher | -5/Factory | Scanalyzed CPS Tube | -5/Factory | Scanalyzed Chainsword | -5/Factory | Scanalyzed Energy Well | -5/Factory | Scanalyzed Gui. EMP Blaster | -5/Factory | Scanalyzed Com. HERF Cannon | -5/Factory | Hacked Cld. Impulse Thruster | -4/Factory | Scanalyzed 0b10 Decoder Chip [Scout] | -4/Factory | Scanalyzed Exp. Utility Shielding | -4/Factory | Hacked Vibroblade | -4/Factory | Hacked Point Singularity Launcher | -4/Factory | Hacked Robot Schematics ------------------ E-15 Imp | -6/Data Miner | Free G-50 Soldier | -6/Data Miner | Free S-27 Virus | -6/Data Miner | Free H-66 Slayer | -6/Data Miner | Free A-15 Conveyor | -6/Data Miner | Free B-60 Warrior | -6/Data Miner | Free M-36 Artificer | -4/Factory | Hacked Fabricated ------------ Cld. Impulse Thruster | x1 | -4/Factory | Authchip Enh. Armored Leg | x1 | -4/Armory | Authchip Repaired ---------- Imp. Cesium-ion Thruster | 99% | -5/Factory | Broken Arm. Huge Wheel | 21% | -5/Factory Centrium Light Armor Plating | 5% | -4/Factory Adv. Terrain Scanner | 12% | -4/Factory Nuclear Pulse Array | 10% | -4/Factory Adv. Terrain Scanner | 29% | -4/Factory Molecular Scythe | 34% | -4/Factory | Broken Alien Tech Used ----------------- None Achievements -------------- None Challenges ------------ None Game ------ Seed CommDefenseDevice Manual? 0 Play Time 03:52:49 Cumulative 207.5 hours Start 2025.05.07 @ 19:18:44 End 2025.05.08 @ 19:36:53 Sessions 5 Manual Loads 0 Difficulty Rogue Special Mode None Game No. 75 Rogue 75 Adventurer 0 Explorer 0 Win Type - Total 4 Types 1/0/2/0/0/0/0/0/0/1 Lore% 66 Gallery% 74 Achievement% 69 Wizard Run 0 Options --------- Layout 1 ASCII 0 Keyboard 1 Movement Arrows Keybinds 0 Fullscreen 2 Font 24/Smallcaps Map View 50x35 Zoom Use 0% Tactical HUD 1 Map Filters NONE Filters NONE Steam 1 RUN: be6f0edc-2d7f-4e07-8ec9-7eb91edf92e0